 Dungeon Crawl Stone Soup version 0.28-a0-1524-ge72afd5fc6 (webtiles) character file.

Game seed: 17340712872903316891

1 murtidash the Sneak (level 1, -3/20 HPs)
             Began as a Hill Orc Delver on Jan 18, 2022.
             Slain by an orc (4 damage)
             ... on level 3 of the Dungeon.
             The game lasted 00:01:32 (257 turns).

murtidash the Sneak (Hill Orc Delver)                Turns: 257, Time: 00:01:33

Health: -3/20      AC:  3    Str: 14    XL:     1   Next: 20%
Magic:  1/1        EV: 11    Int: 10    God:
Gold:   0          SH:  0    Dex: 12    Spells: 0/0 levels left

rFire   . . .      SeeInvis .   a - +0 hand axe
rCold   . . .      Faith    .   (no shield)
rNeg    . . .      Spirit   .   b - +0 leather armour
rPois   .          Reflect  .   (no helmet)
rElec   .          Harm     .   (no cloak)
rCorr   .          Rampage  .   (no gloves)
Will    .....                   (no boots)
Stlth   ++........              (no amulet)
HPRegen 0.06/turn               (no ring)
MPRegen 0.07/turn               (no ring)

@: no status effects
A: no striking features
a: no special abilities


You were on level 3 of the Dungeon.
You visited 1 branch of the dungeon, and saw 3 of its levels.

Inventory:

Hand Weapons
 a - a +0 hand axe (weapon)
Armour
 b - a +0 leather armour (worn)
Wands
 g - a wand of digging (3)
Scrolls
 c - a scroll of fog
 d - a scroll of magic mapping {!r}
 h - a scroll of identify {unknown}


   Skills:
 + Level 3.6 Fighting
 * Level 2.8 Axes
 - Level 1.5 Dodging
 - Level 4.1 Stealth


You couldn't memorise any spells.
You didn't know any spells.
Your spell library was empty.

Dungeon Overview and Level Annotations

Branches:
Dungeon (5/15)
 Temple: D:4-7

Altars:

Annotations:
D:3 Grinder


Message History

The goblin shouts!
The frilled lizard unfolds its giant frill.
The goblin hits you but does no damage.
You open the door.
A hobgoblin comes into view.
The goblin hits you with a +0 club.
You take 3 damage, and have 13/19 hp.
There is an open door here.
You open the door. The goblin hits you with a +0 club.
You take 3 damage, and have 11/19 hp.
There is an open door here.
A ball python comes into view.
The ball python hisses angrily.
The ball python bites you. The ball python grabs you.
The ball python constricts you.
You take 2 damage, and have 9/19 hp.
You escape the ball python's grasp.
The ball python bites you. The ball python grabs you.
The ball python constricts you.
You take 1 damage, and have 8/19 hp.
You escape the ball python's grasp.
The ball python misses you. The ball python closely misses you.
The ball python bites you. The ball python grabs you.
The ball python constricts you.
You take 1 damage, and have 8/19 hp.
The ball python's grasp on you weakens, but your attempt to escape fails.
The ball python bites you. The ball python constricts you.
* * * LOW HITPOINT WARNING * * *
You take 3 damage, and have 5/19 hp.
You feel yourself speed up. The ball python barely misses you.
The ball python constricts you.
You escape the ball python's grasp.
A kobold comes into view. It is wielding a +0 short sword.
You see here a +0 mace.
A rat and a giant cockroach come into view.
Found an escape hatch in the floor.
The giant cockroach bites you but does no damage.
The goblin shouts!
You hit the goblin. The goblin barely misses you.
You closely miss the goblin.
Your extra speed is starting to run out.
The goblin hits you with a +0 club.
* * * LOW HITPOINT WARNING * * *
You take 1 damage, and have 5/19 hp.
You barely miss the goblin. You hit the goblin.
You kill the goblin!
The ball python barely misses you. The ball python grabs you.
The ball python constricts you.
* * * LOW HITPOINT WARNING * * *
You see here a +0 club.
You take 1 damage, and have 5/20 hp.
You escape the ball python's grasp.
The orc hits you but does no damage.
The giant cockroach bites you but does no damage.
The ball python bites you but does no damage.
The ball python closely misses you. The giant cockroach closely misses you.
You feel yourself slow down.
The giant cockroach bites you but does no damage.
The giant cockroach barely misses you. The giant cockroach bites you.
* * * LOW HITPOINT WARNING * * *
You take 1 damage, and have 4/20 hp.
A giant cockroach comes into view.
The giant cockroach bites you but does no damage.
The giant cockroach waves its antennae.
The giant cockroach bites you but does no damage.
The giant cockroach bites you but does no damage.
The giant cockroach bites you but does no damage.
The giant cockroach closely misses you.
The giant cockroach waves its antennae.
The orc wizard hits you with a +0 dagger.
* * * LOW HITPOINT WARNING * * *
You take 2 damage, and have 4/20 hp.
The giant cockroach closely misses you.
As you read the scroll of fear, it crumbles to dust.
You assume a fearsome visage.
The orc wizard looks frightened!
The giant cockroach looks frightened!
The ball python looks frightened!
The ball python hisses angrily.
The orc wizard mumbles some strange words.
The orc wizard flickers and vanishes!
The giant cockroach waves its antennae.
Really walk into that dispersal trap?
You enter a dispersal trap!
You blink.
Really walk into that dispersal trap?
You enter a dispersal trap!
You blink.
There is an open door here.
The hobgoblin shouts!
There is an open door here.
The orc shouts!
The orc wizard shouts!
The orc shouts!
You hear a shout!
You hit the orc. Your punch misses the orc. The orc closely misses you.
The orc closely misses you.
The orc wizard points at you and mumbles some strange words.
The magic dart hits you.
* * * LOW HITPOINT WARNING * * *
You take 6 damage, and have 1/20 hp.
MASSIVE DAMAGE!!
The orc wizard hits you but does no damage.
The orc hits you with a +0 club.
You die...

####.####.## ##.# ### #.#### #.#
##S###.## #.# #.# ##.#..# #+##
###.### ##.#.# ##...## ##.....#
###o## ##.....## ##......# #..##
##.......#
#.......#######...####.........
................o.....'.........
##S.......######@o..####.........
#.#.###### #.#g..# ##.......#
#.## #.o.#.# ##.....## #####.#
##...## #.# ##'## #.# #.# #.# #.#
# #^# ##.#### #.######......


You could see an orc wizard, 3 orcs and a hobgoblin.

Vanquished Creatures
  A goblin (D:3)
1 creature vanquished.

Notes
Turn   | Place    | Note
-------+----------+-------------------------------------------
     0 | D:5      | murtidash the Hill Orc Delver began the quest for the Orb.
     0 | D:5      | Reached XP level 1. HP: 19/19 MP: 1/1
    29 | D:5      | Noticed a hound
    39 | D:3      | Noticed an orc wizard
    39 | D:3      | Noticed an orc wizard
    55 | D:3      | Noticed Grinder
   177 | D:3      | HP: 4/20 [giant cockroach (1)]
   207 | D:3      | HP: 4/20 [orc wizard (2)]
   256 | D:3      | HP: 1/20 [orc wizard/magic dart (6)]
   257 | D:3      | Slain by an orc

Illustrated notes

Levels and vault maps discovered:
D:3:      layout_loops_corners, uniq_robin, uniq_grinder
D:4:      layout_gridville, grunt_decor_one_mirror, uniq_pikel
D:5:      cheibrodos_two_vegetables, layout_rooms,
          lemuel_coloured_pillars_altar, portal_sewer_entry_b,
          kennysheep_small_circle, uniq_eustachio

Action                   || total
-------------------------++-------
Melee: Hand axe          ||     5
  Use: Scroll            ||     1
       Potion            ||     1
Armor: Leather armour    ||    11
Dodge: Dodged            ||    15

Table legend: (Time is in decaauts)
 A = Elapsed time spent in this place.
 B = Non-inter-level travel time spent in this place.
 C = Inter-level travel time spent in this place.
 D = Time resting spent in this place.
 E = Time spent auto-exploring this place.
 F = Levels seen in this place.
 G = Mean time per level.
                   A        B        C        D        E       F      G
               +--------+--------+--------+--------+--------+-----+--------+
         Total |    240 |    240 |      0 |      0 |     15 |   3 |   80.0 |
       Dungeon |    240 |    240 |      0 |      0 |     15 |   3 |   80.0 |
               +--------+--------+--------+--------+--------+-----+--------+

Top non-repeatable levels by time:
     D:3: 202 daAuts
     D:5: 36 daAuts
     D:4: 2 daAuts

Table legend:
 A = Kills in this place as a percentage of kills in entire the game.
 B = Kills by you in this place as a percentage of kills by you in the entire game.
 C = Kills by friends in this place as a percentage of kills by friends in the entire game.
 D = Other kills in this place as a percentage of other kills in the entire game.
 E = Experience gained in this place as a percentage of experience gained in the entire game.
 F = Experience gained in this place divided by the number of levels of this place that you have seen.
                   A       B       C       D       E      F
               +-------+-------+-------+-------+-------+----------------------
         Total | 100.0 | 100.0 |   N/A |   N/A | 100.0 |   0.7
       Dungeon | 100.0 | 100.0 |   N/A |   N/A | 100.0 |   0.7
               +-------+-------+-------+-------+-------+----------------------
